 Dungeon Crawl Stone Soup version 0.28.0-53-g5a82cb258f (webtiles) character file.

Game seed: 3806656379292342784

15275 Dazliare the Fighter (level 11, -9/105 HPs)
             Began as a Grey Draconian Venom Mage on Aug 18, 2022.
             Was a Priest of Vehumet.
             Killed from afar by a naga mage (20 damage)
             ... with a bolt of poison
             ... on level 3 of the Abyss on Aug 22, 2022.
             The game lasted 00:32:10 (18986 turns).

Dazliare the Fighter (Grey Draconian Venom Mage)   Turns: 18986, Time: 00:32:11

Health: -9/105     AC: 15    Str: 11    XL:     11   Next: 99%
Magic:  19/20      EV: 16    Int: 19    God:    Vehumet [***...]
Gold:   823        SH:  5    Dex: 12    Spells: 3/22 levels left

rFire   + . .      SeeInvis .   K - +3 scimitar (freeze)
rCold   . . .      Faith    .   (no shield)
rNeg    . . .      Spirit   .   (armour unavailable)
rPois   .          Reflect  +   (helmet restricted)
rElec   .          Harm     .   i - +0 cloak
rCorr   .          Rampage  .   (no gloves)
Will    .....                   P - +1 pair of boots {Stlth+}
Stlth   +++.......              D - amulet of reflection
HPRegen 0.27/turn               e - +4 ring of evasion
MPRegen 0.17/turn               u - ring of protection from fire

@: lethally poisoned (-9 -> -24), about to teleport
A: AC +12, amphibious, unfitting armour, cold-blooded
a: Renounce Religion


You were on level 3 of the Abyss.
You worshipped Vehumet.
Vehumet was most pleased with you.
You visited 4 branches of the dungeon, and saw 15 of its levels.
You visited the Abyss 1 time.
You also visited: Volcano.

You collected 903 gold pieces.
You spent 80 gold pieces at shops.

Inventory:

Hand Weapons
 m - a +1 hunting sling of freezing
 t - a +0 dagger of draining
 K - a +3 scimitar of freezing (weapon)
Missiles
 n - 205 stones
 E - 2 throwing nets {!f}
 F - 36 sling bullets
Armour
 i - a +0 cloak (worn)
 q - a scarf of shadows
 w - an orb of light
 P - a +1 pair of boots of stealth (worn)
Jewellery
 e - a +4 ring of evasion (left hand)
 r - a +4 ring of slaying
 u - a ring of protection from fire (right hand)
 x - a +6 ring of dexterity
 B - an amulet of guardian spirit
 D - an amulet of reflection (around neck)
Wands
 f - a wand of mindburst (6)
 J - a wand of flame (12)
Scrolls
 b - 2 scrolls of vulnerability
 h - 4 scrolls of teleportation
 l - a scroll of fog {unknown}
 p - a scroll of acquirement {unknown}
 y - a scroll of fear {unknown}
 C - a scroll of blinking {unknown}
 H - a scroll of immolation
 I - a scroll of magic mapping {unknown}
 L - a scroll of amnesia {unknown}
 N - a scroll of enchant armour {unknown}
 O - a scroll of torment
Potions
 a - a potion of haste
 d - a potion of flight
 o - 3 potions of cancellation {unknown}
 s - a potion of berserk rage {unknown}
 v - a potion of brilliance {unknown}
 z - 5 potions of resistance {unknown}
 A - a potion of degeneration {unknown}
 G - a potion of lignification {unknown}
 M - a potion of ambrosia {unknown}


   Skills:
 + Level 12.4 Fighting
 - Level 1.7 Dodging
 - Level 1.7 Stealth
 * Level 6.4 Spellcasting
 + Level 8.6 Conjurations
 - Level 5.0 Hexes
 - Level 1.0 Transmutations
 - Level 4.1 Ice Magic
 - Level 10.0 Poison Magic


You had 3 spell levels left.
You knew the following spells:

 Your Spells              Type           Power      Damage    Failure   Level
a - Sting                 Tmut/Pois      100%       1d8       1%          1
b - Poisonous Vapours     Pois/Air       50%        N/A       1%          2
c - Olgreb's Toxic Radia  Pois           44%        N/A       1%          4
d - Blink                 Tloc           12%        N/A       16%         2
e - Mephitic Cloud        Conj/Pois/Air  29%        N/A       1%          3
f - Fulminant Prism       Conj/Hex       16%        3d11      1%          4
g - Frozen Ramparts       Ice            42%        1d6       1%          3

Your spell library contained the following spells:

 Spells                   Type           Power      Damage    Failure   Level
 Sticky Flame             Conj/Fire      22%        2d4       5%          4
 Dazzling Flash           Conj/Hex       64%        N/A       1%          3
 Ignite Poison            Fire/Tmut/Pois 20%        N/A       1%          3
 Ensorcelled Hibernation  Hex/Ice        46%        N/A       2%          2
 Spider Form              Tmut/Pois      27%        N/A       3%          3
 Beastly Appendage        Tmut           18%        N/A       7%          1
 Summon Small Mammal      Summ           24%        N/A       11%         1
 Call Canine Familiar     Summ           6%         N/A       32%         3
 Lesser Beckoning         Tloc           6%         N/A       32%         3
 Iskenderun's Mystic Bla  Conj/Tloc      22%        2d6       5%          4
 Freezing Cloud           Conj/Ice/Air   11%        6-21      13%         5
 Anguish                  Hex/Necr       7%         N/A       36%         4
 Starburst                Conj/Fire      11%        6d5       54%         6
 Lee's Rapid Deconstruct  Erth           3%         3d6*      56%         5
 Animate Dead             Necr           3%         N/A       71%         4
 Manifold Assault         Tloc           6%         N/A       96%         5
 Simulacrum               Ice/Necr       6%         N/A       100%        6
 Haunt                    Necr/Summ      3%         N/A       100%        7
 Storm Form               Tmut/Air       4%         N/A       100%        7
 Infestation              Necr           3%         N/A       100%        8
 Polar Vortex             Ice            10%        N/A       100%        9


Dungeon Overview and Level Annotations

Branches:
Dungeon (12/15)            Temple (1/1) D:7            Lair (1/6) D:10
    Orc (1/2) D:9         Volcano (visited)

Altars:
Ashenzari
Cheibriados
Dithmenos
Elyvilon
Fedhas
Gozag
Hepliaklqana
Kikubaaqudgha
Makhleb
Nemelex Xobeh
Okawaru
Qazlal
Ru
Sif Muna
Trog
Uskayaw
Vehumet
Wu Jian
Xom
Yredelemnul
Zin
The Shining One

Shops:
D:4 !   D:8 [

Annotations:
D:5 exclusion: downstairs
D:9 1 runed translucent door, oldmanjim's ghost, novice DECj
D:10 exclusions: oklob plant and oklob sapling
D:11 exclusion: downstairs


Innate Abilities, Weirdness & Mutations

Your dull iron-grey scales are very hard. (AC +12)
You are amphibious.
You cannot fit into any form of body armour.
You are cold-blooded and may be slowed by cold attacks.


Message History

Okay, then.
You feel better. The naga loses its grip on you.
The orange demon stings you but does no damage.
The orange demon closely misses you. The naga mage hits you with a +0 flail!
The naga mage barely misses you.
The naga warrior hits you but does no damage.
The naga warrior grabs you. The naga warrior constricts you.
* * * LOW HITPOINT WARNING * * *
Unknown command.
Unknown command.
Unknown command.
Unknown command.
The naga warrior's grasp on you weakens, but your attempt to escape fails.
You feel stable enough to blink again. The naga mage spits poison at you.
The splash of poison hits you!
You are poisoned.
* * * LOW HITPOINT WARNING * * *
You block the orange demon's attack.
The orange demon hits you but does no damage.
The guardian serpent hits you!
* * * LOW HITPOINT WARNING * * *
The naga warrior barely misses you. The naga warrior constricts you.
The naga mage points at the naga warrior and mumbles some strange words.
The naga warrior seems to grow toxic.
You escape the naga warrior's grasp.
You feel sick.
The orange demon stings you but does no damage.
You block the naga mage's attack. x2; The guardian serpent barely misses you.
Unknown command.
You feel sick. You block the naga mage's attack. The naga mage misses you.
The guardian serpent coils itself and waves its upper body at you.
The naga blinks!
The orange demon blinks!
The naga mage blinks!
Unknown command.
You feel sick. The orange demon barely misses you.
Unknown command.
You feel sick. The orange demon closely misses you.
The naga mage casts a spell at you. The bolt of poison hits you!!
You are lethally poisoned!
You die...

..# #. . ## .#
.### #.#.#.###
≈≈# .....####.###
# .....#.##..# .
#.#.....#.### .
.##..#...#.#####
.
#.#.##.§#§.S#...#
#.
..#.....#.NNN@#.#
... #...
#.§#4...# ....#.
###.#...##...#
....##..#....#..
.### §§... .
....#....#..#
.#....#.#....#.##
...
.###...##.##..#.
..# ....#..#.# .
# . §.. # §# .#


You could see a naga warrior (curare), an orange demon, a guardian serpent, a
naga mage (fast) and a naga (catching breath).

Vanquished Creatures
  Snorg (D:10)
  Harold (D:7)
  A dancing weapon (Volcano)
  Nergalle (D:11)
  A wizard (Volcano)
  A black mamba (Lair:1)
  3 toenail golems (Volcano)
  4 cane toads (Lair:1)
  2 komodo dragons
  2 unseen horrors
  A troll (D:11)
  3 hornets
  3 wraiths
  2 wyverns (D:9)
  18 yaks
  A basilisk (Lair:1)
  A steam dragon (D:8)
  Menkaure (D:7)
  An acid dragon (D:12)
  2 water moccasins
  6 orc warriors
  2 ogres
  3 centaurs
  4 wolves (Lair:1)
  2 bullfrogs (Lair:1)
  3 kobold brigands
  A gnoll sergeant (D:9)
  A scorpion (D:10)
  A water moccasin zombie (D:6)
  15 killer bees
  5 wights (D:7)
  2 electric eels (D:6)
  A bullfrog zombie (D:5)
  9 jellies
  3 hounds
  10 orc priests
  3 centaur skeletons
  Crazy Yiuf (D:2)
  3 iguanas
  5 orc wizards
  A hound skeleton (D:5)
  8 gnolls
  11 adders
  2 shadow imps
  2 white imps
  2 ufetubi
  2 worms
  3 dart slugs
  62 orcs
  15 endoplasms
  A giant cockroach (D:4)
  14 goblins
  2 hobgoblins
  10 jackals
  9 quokkas
  10 ball pythons
  2 bats (D:1)
  4 frilled lizards
  13 kobolds
  4 rats
  A butterfly (D:5)
308 creatures vanquished.

Vanquished Creatures (others)
  A wizard (Volcano)
  A bush (D:10)
  18 fulminant prisms
  9 fungi
  14 plants
43 creatures vanquished.

Grand Total: 351 creatures vanquished

Notes
Turn   | Place    | Note
-------+----------+-------------------------------------------
     0 | D:1      | Dazliare the Draconian Venom Mage began the quest for the
                  | Orb.
     0 | D:1      | Reached XP level 1. HP: 14/14 MP: 3/3
   150 | D:1      | Reached XP level 2. HP: 11/20 MP: 1/5
   160 | D:1      | Learned a level 2 spell: Poisonous Vapours
  1017 | D:1      | Reached XP level 3. HP: 25/26 MP: 6/6
  1763 | D:1      | Found a snail-covered altar of Cheibriados.
  2754 | D:2      | Found a faded altar of an unknown god.
  2766 | D:2      | Reached XP level 4. HP: 33/33 MP: 4/7
  2798 | D:2      | Reached skill level 5 in Poison Magic
  2916 | D:1      | Learned a level 4 spell: Olgreb's Toxic Radiance
  3882 | D:2      | Found a runed translucent door.
  3883 | D:2      | Noticed Crazy Yiuf
  4332 | D:3      | Reached XP level 5. HP: 38/38 MP: 8/8
  5051 | D:4      | Found Juxzo's Distillery.
  5057 | D:4      | Bought a potion of invisibility for 80 gold pieces
  5197 | D:4      | Reached XP level 6. HP: 38/45 MP: 6/10
  6437 | D:5      | Entered Level 5 of the Dungeon
  6707 | D:5      | Your scales start taking on a dull iron-grey colour.
  6707 | D:5      | Reached XP level 7. HP: 36/50 MP: 13/13
  7806 | D:6      | Found a bloodstained altar of Trog.
  7861 | D:6      | Reached skill level 1 in Fighting
  7989 | D:6      | Reached skill level 2 in Fighting
  8186 | D:6      | Reached skill level 3 in Fighting
  8413 | D:6      | Reached XP level 8. HP: 54/66 MP: 14/14
  8512 | D:6      | Noticed a slime creature
  8698 | D:6      | Reached skill level 4 in Fighting
  9767 | D:7      | Noticed Menkaure
  9772 | D:7      | Noticed Harold
  9784 | D:7      | Killed Harold
  9785 | D:7      | Reached skill level 5 in Fighting
  9785 | D:7      | Killed Menkaure
 10066 | D:7      | Learned a level 2 spell: Blink
 10070 | D:7      | Learned a level 3 spell: Mephitic Cloud
 10279 | D:7      | Reached skill level 6 in Fighting
 10758 | D:7      | Reached XP level 9. HP: 78/78 MP: 3/15
 10765 | D:7      | Reached skill level 7 in Fighting
 10771 | D:7      | Reached skill level 10 in Poison Magic
 10772 | D:7      | Reached skill level 8 in Fighting
 10973 | D:7      | Learned a level 4 spell: Fulminant Prism
 11015 | D:7      | Found a staircase to the Ecumenical Temple.
 11130 | Temple   | Entered the Ecumenical Temple
 11541 | Temple   | Became a worshipper of Vehumet
 11702 | D:8      | Reached skill level 1 in Conjurations
 11702 | D:8      | Reached skill level 1 in Hexes
 11740 | D:8      | Found Korueph's Antique Armour Shop.
 12875 | D:9      | Reached skill level 9 in Fighting
 13058 | D:9      | Reached * piety under Vehumet
 13058 | D:9      | Offered knowledge of Sandblast by Vehumet.
 13070 | D:9      | Found a staircase to the Orcish Mines.
 13174 | D:9      | Reached XP level 10. HP: 69/91 MP: 13/16
 13664 | D:9      | Found a runed translucent door.
 13668 | D:9      | Noticed oldmanjim's ghost (novice DECj)
 13668 | D:9      | Noticed a tengu warrior
 13991 | Orc:1    | Entered Level 1 of the Orcish Mines
 14418 | D:2      | Killed Crazy Yiuf
 14661 | D:10     | Entered Level 10 of the Dungeon
 14777 | D:10     | Found a staircase to the Lair.
 14811 | D:10     | Noticed Snorg
 14821 | D:10     | Killed Snorg
 15013 | D:10     | Noticed an oklob plant
 15016 | D:10     | Reached ** piety under Vehumet
 15019 | D:10     | Offered knowledge of Magic Dart by Vehumet.
 15198 | D:10     | Reached skill level 5 in Spellcasting
 15269 | D:10     | Reached skill level 10 in Fighting
 15269 | D:10     | Reached skill level 5 in Conjurations
 15392 | D:10     | Got Cul Icyc's Incunabulum of Nature
 16224 | D:11     | Reached skill level 5 in Hexes
 16351 | D:11     | Reached XP level 11. HP: 79/101 MP: 14/20
 16552 | D:11     | Noticed Nergalle
 16557 | D:11     | Offered knowledge of Frozen Ramparts by Vehumet.
 16591 | D:11     | Reached *** piety under Vehumet
 16595 | D:11     | Killed Nergalle
 16596 | D:11     | Reached skill level 11 in Fighting
 17260 | D:12     | Noticed a boulder beetle
 17409 | D:12     | Noticed a sixfirhy
 17815 | Lair:1   | Entered Level 1 of the Lair of Beasts
 17896 | Lair:1   | Learned a level 3 spell: Frozen Ramparts
 18109 | Lair:1   | Reached skill level 1 in Ice Magic
 18173 | Lair:1   | Reached skill level 12 in Fighting
 18231 | Lair:1   | Found a dark tunnel.
 18249 | Volcano  | Entered a volcano
 18609 | Volcano  | Noticed a +0 mace of flaming
 18617 | Volcano  | Killed a +0 mace of flaming
 18617 | Volcano  | Offered knowledge of Sticky Flame by Vehumet.
 18718 | Volcano  | Noticed a wizard
 18724 | Volcano  | Noticed a wizard
 18725 | Volcano  | Killed a wizard
 18747 | Volcano  | Killed a wizard
 18846 | Volcano  | Noticed a wizard
 18853 | Volcano  | Cast into level 3 of the Abyss (a wizard)
 18957 | Abyss:3  | Noticed a naga warrior
 18986 | Abyss:3  | Killed from afar by a naga mage

Illustrated notes

Levels and vault maps discovered:
D:1:      dpeg_arrival_water_altar, layout_basic, corner_web_ring
D:2:      layout_basic, ebering_ecumenical_altar_ruins, amethyst_killhole,
          uniq_crazy_yiuf_cottage
D:3:      layout_basic
D:4:      layout_basic, grunt_decor_cap, nicolae_stop_n_shop_1,
          chequers_serial_rivers_room_b
D:5:      layout_layer_cave, hangedman_glass_garden
D:6:      lemuel_slime, layout_loops_ring, bloody_trog, minivault_4
D:7:      layout_basic, minmay_temple_entry_fiery, uniq_menkaure, uniq_harold
D:8:      layout_basic, serial_shops, shop
D:9:      layout_long_grid, erik_orc_3, ebering_ghost_inner_flame
D:10:     layout_loops_corners, lair_entry_dummy, chequers_serial_rivers_room_b,
          introduction_to_nature_2, uniq_snorg
D:11:     layout_roguey [special_room_orc], grunt_decor_fettered, uniq_nergalle
D:12:     gammafunk_worm_tunnel, layout_cross, serial_shops, nicolae_shop_trees,
          grunt_ministairs_2, nicolae_fountain_basement
Temple:   mainiacjoe_temple_circle_huts
Lair:1:   layout_loops_ring, nicolae_volcano_entry_two_sided,
          nicolae_lair_grove_arrangements
Orc:1:    layout_caves, mines2_lemuel
Abyss:3:  base:
D:15
Volcano:  volcano_bunker

Skill      XL: |  1  2  3  4  5  6  7  8  9 10 11 |
---------------+----------------------------------+-----
Poison Magic   | 4 5 6 7 9 10 | 10.0
Spellcasting   | 3 4 6 |  6.4
Fighting       | 3 6 9 10 12 | 12.4
Conjurations   | 3 6 8 |  8.6
Hexes          | 3 5 |  5.0
Ice Magic      | 4 |  4.1
Dodging        | |  1.7
Stealth        | |  1.7
Transmutations | |  1.0

Action                   |  1- 3 |  4- 6 |  7- 9 | 10-12 || total
-------------------------+-------+-------+-------+-------++-------
Melee: Unarmed           |    10 |       |       |       ||    10
       Tailslap          |     4 |    14 |    42 |    36 ||    96
       Dagger            |    56 |    70 |   178 |       ||   304
       Flail             |     3 |    39 |       |       ||    42
       Scimitar          |       |       |    26 |   163 ||   189
 Fire: Hunting sling     |       |    48 |    81 |       ||   129
 Cast: Sting             |    12 |     2 |       |       ||    14
       Poisonous Vapours |    31 |    48 |     4 |     6 ||    89
       Olgreb's Toxic Ra |       |     9 |    25 |    27 ||    61
       Mephitic Cloud    |       |       |     1 |     9 ||    10
       Fulminant Prism   |       |       |       |    18 ||    18
       Blink             |       |       |       |     3 ||     3
       Frozen Ramparts   |       |       |       |     1 ||     1
Evoke: Wand              |       |       |     1 |     4 ||     5
  Use: Scroll            |       |     5 |     3 |     4 ||    12
       Potion            |       |       |       |     5 ||     5
 Stab: Sleeping          |     1 |     1 |       |       ||     2
       Paralysed         |       |       |       |     2 ||     2
       Invisible         |       |       |       |     1 ||     1
Armor: Skin              |    35 |    42 |    63 |    81 ||   221
Dodge: Dodged            |    74 |   156 |   198 |   183 ||   611
Block: Orb               |       |       |    19 |    44 ||    63
       Reflection        |       |       |       |     2 ||     2
       Other             |       |       |       |     7 ||     7
